 Dungeon Crawl Stone Soup version bcrawl-1.15.1 (webtiles) character file.

Game seed: 394633030570132974

2025 MisterOstroum the Destroyer (level 9, -14/61 HPs)
             Began as a Fairy Conjurer on Sept 27, 2019.
             Killed from afar by a rakshasa (17 damage)
             ... with an orb of energy
             ... on level 7 of the Dungeon.
             The game lasted 00:09:21 (5402 turns).

MisterOstroum the Destroyer (Fairy Conjurer)        Turns: 5402, Time: 00:09:22

Health: -14/61     AC:  8    Str:  6    XL:     9   Next: 23%
Magic:  1/17       EV: 16    Int: 22    God:
Gold:   436        SH:  6    Dex: 13    Spells: 5/16 levels left

rFire    . . .     SeeInvis .   c - +0 dagger
rCold    . . .     Gourm    .   (shield restricted)
rNeg     . . .     Faith    .   (armour unavailable)
rPois    .         Spirit   .   (no helmet)
rElec    .         Reflect  .   h - +0 cloak
rCorr    .         Harm     .   (no gloves)
MR       .....                  g - +0 pair of boots
Stlth    +.........             (no amulet)
HPRegen  0.20/turn              (no ring)
MPRegen  0.15/turn              (no ring)

@: flying evasively, very slightly contaminated
A: small, magic attunement, unstealthy, unfitting armour, able to fly, AC/SH +6
a: Stop Flying


You were on level 7 of the Dungeon.
You were very hungry.

You visited 1 branch of the dungeon, and saw 7 of its levels.

You collected 436 gold pieces.

Inventory:

Hand Weapons
 c - a +0 dagger (weapon)
 s - a +2 whip of flaming
 t - a +2 quarterstaff of chaos
Missiles
 d - 2229 stones (quivered)
 C - a throwing net {!f!f}
Armour
 g - a +0 pair of boots (worn)
 h - a +0 cloak (worn)
Jewellery
 o - an uncursed amulet of guardian spirit
Wands
 E - a wand of clouds (6)
Scrolls
 a - 6 scrolls of remove curse {@r2}
 f - 2 scrolls of enchant armour {unknown}
 i - 8 scrolls of identify {@r1}
 j - 2 scrolls of teleportation
 r - 2 scrolls of fear {!r}
 u - a scroll of magic mapping {unknown}
 v - a scroll of enchant weapon {unknown}
 y - a scroll of amnesia {unknown}
 D - a scroll of immolation {unknown}
 F - a scroll of noise {unknown}
Potions
 b - a potion of magic
 k - 2 potions of resistance
 l - 2 potions of lignification {unknown}
 m - 3 potions of mutation
 n - 4 potions of curing {unknown}
 p - a potion of invisibility {unknown}
 q - a potion of might {@q3 !q}
 w - 2 potions of brilliance
 x - a potion of heal wounds {unknown}
 z - a potion of ambrosia {unknown}
 B - a potion of haste {unknown}
 G - 2 potions of agility {unknown}
Comestibles
 e - 12 rations {!d}


   Skills:
 - Level 5.3 Fighting
 * Level 2.7 Dodging
 - Level 1.5 Stealth
 + Level 4.1 Spellcasting
 + Level 10.1 Conjurations
 + Level 6.2 Transmutations
 * Level 0.1 Evocations


You had 5 spell levels left.
You knew the following spells:

 Your Spells              Type           Power        Failure   Level  Hunger
a - Magic Dart            Conj           ####         1%          1    None
b - Searing Ray           Conj           #####.       1%          2    None
c - Iskenderun's Mystic   Conj           #####...     1%          3    None
d - Irradiate             Conj/Tmut      #####.....   11%         5    None

Your spell library contained the following spells:

 Spells                   Type           Power        Failure   Level  Hunger
 Beastly Appendage        Tmut           ####..       1%          1    None
 Sticks to Snakes         Tmut           ####....     1%          2    None
 Spider Form              Tmut/Pois      ###          10%         3    None
 Fulminant Prism          Conj/Hex       ####......   14%         4    None
 Blade Hands              Tmut           ####......   24%         5    None
 Ice Form                 Ice/Tmut       ###.....     30%         4    None


Dungeon Overview and Level Annotations

Branches:
Dungeon (7/12)
 Temple: D:4-7         Lair: D:7-9

Altars:
Cheibriados
Dithmenos
Elyvilon
Fedhas
Hepliaklqana
Lugonu
Makhleb
Trog
Xom
Yredelemnul
Zin
The Shining One

Annotations:
D:4 1 runed translucent door, Beaer's ghost, novice VSRg


Innate Abilities, Weirdness & Mutations

Your spells do not cause hunger and MP costs are reduced by 1.
Your bright wings attract enemies. (Stealth-)
You cannot fit into any form of body armour.
Your shimmering scales are hard and can block incoming attacks. (AC +6, SH +6)
You are small and have problems with some larger weapons.
You can fly continuously.


Message History

Casting: Iskenderun's Mystic Blast (safe; 1% risk of failure)
Confirm with . or Enter, or press ? or * to list all spells.
Aiming: Iskenderun's Mystic Blast (safe; 1% risk of failure)
Press: ? - help, Shift-Dir - straight line, f/p - troll
Aim: a troll (heavily wounded)
The orb of energy hits the troll.
The troll is almost dead.
Casting: Iskenderun's Mystic Blast (safe; 1% risk of failure)
Confirm with . or Enter, or press ? or * to list all spells.
Aiming: Iskenderun's Mystic Blast (safe; 1% risk of failure)
Press: ? - help, Shift-Dir - straight line, f/p - troll
Aim: a troll (almost dead)
The orb of energy hits the troll.
You kill the troll!
Your Transmutations skill increases to level 6!
Casting: Iskenderun's Mystic Blast (safe; 1% risk of failure)
Confirm with . or Enter, or press ? or * to list all spells.
You can't see any susceptible monsters within range! (Use Z to cast anyway.) Evoke which item? (* to show all) (? for menu, Esc to quit)
Okay, then.
Unknown command.
Unknown command.
Magic restored.
A worker ant comes into view.
The worker ant twitches its antennae in your direction.
A worker ant is nearby!
A worker ant is nearby!
A worker ant is nearby!
Casting: Iskenderun's Mystic Blast (safe; 1% risk of failure)
Confirm with . or Enter, or press ? or * to list all spells.
Aiming: Iskenderun's Mystic Blast (safe; 1% risk of failure)
Press: ? - help, Shift-Dir - straight line, f - worker ant
Aim: a worker ant You miscast Iskenderun's Mystic Blast.
You are very lightly contaminated with residual magic.
Nothing appears to happen.
Casting: Iskenderun's Mystic Blast (safe; 1% risk of failure)
Confirm with . or Enter, or press ? or * to list all spells.
Aiming: Iskenderun's Mystic Blast (safe; 1% risk of failure)
Press: ? - help, Shift-Dir - straight line, f/p - worker ant
Aim: a worker ant The orb of energy hits the worker ant.
The worker ant is heavily wounded.
Casting: Iskenderun's Mystic Blast (safe; 1% risk of failure)
Confirm with . or Enter, or press ? or * to list all spells.
Aiming: Iskenderun's Mystic Blast (safe; 1% risk of failure)
Press: ? - help, Shift-Dir - straight line, f/p - worker ant
Aim: a worker ant (heavily wounded)
The orb of energy hits the worker ant.
You kill the worker ant!
A rakshasa comes into view. It is wielding a +0 trident.
Casting: Iskenderun's Mystic Blast (safe; 1% risk of failure)
Confirm with . or Enter, or press ? or * to list all spells.
Aiming: Iskenderun's Mystic Blast (safe; 1% risk of failure)
Press: ? - help, Shift-Dir - straight line, f - rakshasa
Aim: a rakshasa, wielding a +0 trident and wearing a +0 robe The orb of energy hits the rakshasa.
The rakshasa is moderately wounded.
Casting: Iskenderun's Mystic Blast (safe; 1% risk of failure)
Confirm with . or Enter, or press ? or * to list all spells.
Aiming: Iskenderun's Mystic Blast (safe; 1% risk of failure)
Press: ? - help, Shift-Dir - straight line, f/p - rakshasa
Aim: a rakshasa, wielding a +0 trident and wearing a +0 robe (moderately wounded)
The orb of energy misses the rakshasa.
The orb of energy explodes!
Casting: Iskenderun's Mystic Blast (safe; 1% risk of failure)
Confirm with . or Enter, or press ? or * to list all spells.
Aiming: Iskenderun's Mystic Blast (safe; 1% risk of failure)
Press: ? - help, Shift-Dir - straight line, f/p - rakshasa
Aim: a rakshasa, wielding a +0 trident and wearing a +0 robe (moderately wounded)
The orb of energy hits the rakshasa.
The rakshasa is heavily wounded.
Casting: Iskenderun's Mystic Blast (safe; 1% risk of failure)
Confirm with . or Enter, or press ? or * to list all spells.
Aiming: Iskenderun's Mystic Blast (safe; 1% risk of failure)
Press: ? - help, Shift-Dir - straight line, f/p - rakshasa
Aim: a rakshasa, wielding a +0 trident and wearing a +0 robe (heavily wounded)
The orb of energy hits the rakshasa.
The rakshasa is severely wounded.
The injured rakshasa weaves a defensive illusion!
The rakshasa hits you but does no damage.
Unknown command.
The rakshasa hits you from afar with a +0 trident!
The rakshasa blinks!
The rakshasa closely misses you. The rakshasa gestures at you.
The orb of energy hits you!
The orb of energy explodes!
You hear an angry hiss.
The rakshasa hits you with a +0 trident!
Casting: Iskenderun's Mystic Blast (safe; 1% risk of failure)
Confirm with . or Enter, or press ? or * to list all spells.
You erupt in a fountain of uncontrolled magic!
The rakshasa is blasted with magical radiation!!
You kill the rakshasa!
The rakshasa gestures at you. The orb of energy hits you!
* * * LOW HITPOINT WARNING * * *
An iguana comes into view.
The rakshasa gestures at you. The orb of energy hits you!
You die...

### ..## ##### #..#
#...# ##.# ##...# #.#
##....# #.#######.....#
#......##.##.##
##.####.#..##.#####
...# #.........@.#
...####...###.###.#####
...##...### #.#
#..RR.###
...##.#######.#
#####...######.
.......<.......
###.l..†...
.....>#######.#
######... ....### #.#
.....# #. ...#....


You could see a rakshasa.

Vanquished Creatures
  Pikel (D:5)
  A troll (D:7)
  Sigmund (D:5)
  Edmund (D:5)
  2 sky beasts
  3 slaves
  2 ogres (D:5)
  A scorpion (D:6)
  A howler monkey (D:5)
  A crimson imp (D:3)
  An orc priest (D:5)
  A bullfrog skeleton (D:5)
  A hound (D:4)
  Crazy Yiuf (D:2)
  5 iguanas
  3 iron imps (D:5)
  Jessica (D:2)
  An orc wizard (D:5)
  2 worker ants
  A hound skeleton (D:6)
  3 gnolls (D:6)
  6 adders
  2 oozes
  2 adder skeletons (D:5)
  A worm (D:3)
  A dart slug (D:2)
  4 leopard geckos
  19 orcs
  3 ball pythons
  6 giant cockroaches
  6 goblins
  7 hobgoblins
  6 jackals
  5 kobolds
  2 quokkas
  5 bats
  8 frilled lizards
  A leopard gecko zombie (D:5)
  5 rats
123 creatures vanquished.

Vanquished Creatures (others)
  A hound (D:5)
1 creature vanquished.

Grand Total: 124 creatures vanquished

Notes
Turn   | Place    | Note
-------+----------+-------------------------------------------
     0 | D:1      | MisterOstroum the Fairy Conjurer began the quest for the
                  | Orb.
     0 | D:1      | Reached XP level 1. HP: 11/11 MP: 6/6
    21 | D:1      | Reached skill level 5 in Conjurations
    98 | D:1      | Reached XP level 2. HP: 17/17 MP: 7/7
   105 | D:1      | Learned a level 2 spell: Searing Ray
   368 | D:1      | Reached XP level 3. HP: 21/21 MP: 9/9
   469 | D:1      | Reached skill level 6 in Conjurations
   593 | D:1      | Learned a level 3 spell: Iskenderun's Mystic Blast
   922 | D:2      | Reached XP level 4. HP: 27/27 MP: 10/10
  1171 | D:2      | Found a white marble altar of Elyvilon.
  1256 | D:2      | Noticed Jessica
  1257 | D:2      | Killed Jessica
  1257 | D:2      | Reached skill level 7 in Conjurations
  1314 | D:2      | Found a runed door.
  1564 | D:2      | Noticed Crazy Yiuf
  1566 | D:2      | Killed Crazy Yiuf
  1566 | D:2      | Reached XP level 5. HP: 31/31 MP: 6/11
  1773 | D:3      | Found a shimmering altar of Xom.
  1805 | D:3      | Reached skill level 8 in Conjurations
  2103 | D:3      | Found a glowing golden altar of the Shining One.
  2141 | D:4      | Found a blossoming altar of Fedhas.
  2203 | D:4      | Found a corrupted altar of Lugonu.
  2581 | D:4      | Found a basalt altar of Yredelemnul.
  2592 | D:4      | Found a runed translucent door.
  2592 | D:4      | Noticed Beaer's ghost (novice VSRg)
  2644 | D:4      | Reached skill level 1 in Fighting
  2732 | D:4      | Found a snail-covered altar of Cheibriados.
  2803 | D:4      | Reached XP level 6. HP: 38/38 MP: 7/13
  2923 | D:4      | Found a hazy altar of Hepliaklqana.
  2972 | D:4      | Learned a level 5 spell: Irradiate
  3011 | D:5      | Entered Level 5 of the Dungeon
  3039 | D:5      | Found a burning altar of Makhleb.
  3039 | D:5      | Noticed Edmund
  3067 | D:5      | Killed Edmund
  3067 | D:5      | Reached skill level 1 in Transmutations
  3081 | D:5      | Reached XP level 7. HP: 25/45 MP: 0/15
  3431 | D:5      | Noticed Sigmund
  3437 | D:5      | Killed Sigmund
  3536 | D:5      | Reached XP level 8. HP: 54/54 MP: 1/16
  3605 | D:5      | Noticed Pikel
  3802 | D:5      | Killed Pikel
  3802 | D:5      | Reached skill level 5 in Fighting
  3802 | D:5      | Reached skill level 9 in Conjurations
  4478 | D:4      | Found a shadowy altar of Dithmenos.
  4478 | D:4      | Found a bloodstained altar of Trog.
  4537 | D:6      | Reached skill level 10 in Conjurations
  4537 | D:6      | Reached XP level 9. HP: 61/61 MP: 14/17
  4574 | D:6      | Found a glowing silver altar of Zin.
  4630 | D:6      | Reached skill level 5 in Transmutations
  5341 | D:7      | Noticed a troll
  5344 | D:7      | Killed a troll
  5389 | D:7      | Noticed a rakshasa
  5398 | D:7      | HP: 3/61 [rakshasa/orb of energy (29)]
  5402 | D:7      | Killed from afar by a rakshasa

Skill      XL: |  1  2  3  4  5  6  7  8  9 |
---------------+----------------------------+-----
Conjurations   | 5 6 7 8 10 | 10.1
Fighting       | 1 2 4 5 |  5.3
Spellcasting   | 3 4 |  4.1
Transmutations | 1 2 4 6 |  6.2
Dodging        | |  2.7
Stealth        | |  1.5
Evocations     | |  0.1

Action                   |  1- 3 |  4- 6 |  7- 9 || total
-------------------------+-------+-------+-------++-------
Melee: Dagger            |       |       |     3 ||     3
 Cast: Magic Dart        |    52 |    42 |    72 ||   166
       Iskenderun's Myst |     2 |    33 |    84 ||   119
       Searing Ray       |       |     1 |       ||     1
       Irradiate         |       |       |     1 ||     1
  Use: Scroll            |       |     7 |       ||     7
  Eat: Chunk             |       |     6 |     6 ||    12
Armor: Skin              |     2 |     5 |    17 ||    24
Dodge: Dodged            |     4 |    15 |    43 ||    62
Block: Other             |       |     3 |    14 ||    17
